Workbook

Sheet Расчет дотаций
A1: Распределение дотаций местным бюджетам на поддержку мер по обеспечению сбалансированности местных бюджетов
A2: За январь 2022 года
A3: Наименование муниципального образования | B3: Отсутствие просроченной кредиторской задолженности бюджета городского округа, консолидированного бюджета городского округа с внутригородским делением, консолидированного бюджета муниципального района по состоянию на конец отчетного периода | D3: Сводная оценка выполнения социально-экономических показателей | E3: Годовое значение | F3: План распределения за период | G3: Распределение за отчетный период | H3: Отклонение от планируемого распределения | I3: Соблюдение условий предоставления дотаций*: | L3: Распределение дотаций за январь с учетом выполнения условий предоставления дотаций
I4: непривлечение кредитов кредитных организаций в январе 2022 года | K4: неувеличение объема муниципального долга в части кредитов кредитных организаций в январе 2022 года (не применяется если объем долга на 01.02.2022 не превышает его объем по состоянию на начало 2022 года)
I5: МО у которых доля дотаций на выравнивание бюджетной обеспеченности в доходах бюджета (без учета субвенций) за 2021 год > 15 % | J5: МО, муниципальный долг которых на 01.02.2022 > 90% от утвержденного общего годового объема доходов без учета утвержденного объема безвозмездных поступлений
B6: Исполнение | C6: Вес
A7: 1 | B7: 2 | C7: 3 | D7: 4 | E7: 5 | F7: 6=5/11мес. | G7: 7=4*6 | H7: 8=7-6 | I7: 9 | J7: 10 | K7: 11 | L7: 12
A8: Городские округа (городской округ с внутригородским делением) | E8: =SUM(E9:E18) -> 1927855 | F8: =SUM(F9:F18) -> 175259.5 | G8: =SUM(G9:G18) -> 175259.5 | H8: =SUM(H9:H18) -> 0 | L8: =SUM(L9:L18) -> 175259.5
A9: Самара | B9: 1 | C9: 15 | D9: =(B9*C9)/C9 -> 1 | E9: 370251 | F9: =ROUND(E9/11,1) -> 33659.2 | G9: =ROUND(D9*F9,1) -> 33659.2 | H9: =G9-F9 -> 0 | L9: =IF(OR(I9="+",J9="+",K9="+"),0,G9) -> 33659.2
A10: Тольятти | B10: 1 | C10: 15 | D10: =(B10*C10)/C10 -> 1 | E10: 785631 | F10: =ROUND(E10/11,1) -> 71421 | G10: =ROUND(D10*F10,1) -> 71421 | H10: =G10-F10 -> 0 | L10: =IF(OR(I10="+",J10="+",K10="+"),0,G10) -> 71421
A11: Сызрань | B11: 1 | C11: 15 | D11: =(B11*C11)/C11 -> 1 | E11: 227898 | F11: =ROUND(E11/11,1) -> 20718 | G11: =ROUND(D11*F11,1) -> 20718 | H11: =G11-F11 -> 0 | L11: =IF(OR(I11="+",J11="+",K11="+"),0,G11) -> 20718
A12: Новокуйбышевск | B12: 1 | C12: 15 | D12: =(B12*C12)/C12 -> 1 | E12: 96059 | F12: =ROUND(E12/11,1) -> 8732.6 | G12: =ROUND(D12*F12,1) -> 8732.6 | H12: =G12-F12 -> 0 | L12: =IF(OR(I12="+",J12="+",K12="+"),0,G12) -> 8732.6
A13: Чапаевск | B13: 1 | C13: 15 | D13: =(B13*C13)/C13 -> 1 | E13: 100865 | F13: =ROUND(E13/11,1) -> 9169.5 | G13: =ROUND(D13*F13,1) -> 9169.5 | H13: =G13-F13 -> 0 | L13: =IF(OR(I13="+",J13="+",K13="+"),0,G13) -> 9169.5
A14: Отрадный | B14: 1 | C14: 15 | D14: =(B14*C14)/C14 -> 1 | E14: 57581 | F14: =ROUND(E14/11,1) -> 5234.6 | G14: =ROUND(D14*F14,1) -> 5234.6 | H14: =G14-F14 -> 0 | L14: =IF(OR(I14="+",J14="+",K14="+"),0,G14) -> 5234.6
A15: Жигулевск | B15: 1 | C15: 15 | D15: =(B15*C15)/C15 -> 1 | E15: 87166 | F15: =ROUND(E15/11,1) -> 7924.2 | G15: =ROUND(D15*F15,1) -> 7924.2 | H15: =G15-F15 -> 0 | L15: =IF(OR(I15="+",J15="+",K15="+"),0,G15) -> 7924.2
A16: Октябрьск | B16: 1 | C16: 15 | D16: =(B16*C16)/C16 -> 1 | E16: 64274 | F16: =ROUND(E16/11,1) -> 5843.1 | G16: =ROUND(D16*F16,1) -> 5843.1 | H16: =G16-F16 -> 0 | L16: =IF(OR(I16="+",J16="+",K16="+"),0,G16) -> 5843.1
A17: Кинель | B17: 1 | C17: 15 | D17: =(B17*C17)/C17 -> 1 | E17: 90254 | F17: =ROUND(E17/11,1) -> 8204.9 | G17: =ROUND(D17*F17,1) -> 8204.9 | H17: =G17-F17 -> 0 | L17: =IF(OR(I17="+",J17="+",K17="+"),0,G17) -> 8204.9
A18: Похвистнево | B18: 1 | C18: 15 | D18: =(B18*C18)/C18 -> 1 | E18: 47876 | F18: =ROUND(E18/11,1) -> 4352.4 | G18: =ROUND(D18*F18,1) -> 4352.4 | H18: =G18-F18 -> 0 | L18: =IF(OR(I18="+",J18="+",K18="+"),0,G18) -> 4352.4
A19: Муниципальные районы | E19: =SUM(E20:E46) -> 1657557 | F19: =SUM(F20:F46) -> 150687 | G19: =SUM(G20:G46) -> 150687 | H19: =SUM(H20:H46) -> 0 | L19: =SUM(L20:L46) -> 150687
A20: Алексеевский | B20: 1 | C20: 10 | D20: =(B20*C20)/C20 -> 1 | E20: 39115 | F20: =ROUND(E20/11,1) -> 3555.9 | G20: =ROUND(D20*F20,1) -> 3555.9 | H20: =G20-F20 -> 0 | L20: =IF(OR(I20="+",J20="+",K20="+"),0,G20) -> 3555.9
A21: Безенчукский | B21: 1 | C21: 10 | D21: =(B21*C21)/C21 -> 1 | E21: 68580 | F21: =ROUND(E21/11,1) -> 6234.5 | G21: =ROUND(D21*F21,1) -> 6234.5 | H21: =G21-F21 -> 0 | L21: =IF(OR(I21="+",J21="+",K21="+"),0,G21) -> 6234.5
A22: Богатовский | B22: 1 | C22: 10 | D22: =(B22*C22)/C22 -> 1 | E22: 45233 | F22: =ROUND(E22/11,1) -> 4112.1 | G22: =ROUND(D22*F22,1) -> 4112.1 | H22: =G22-F22 -> 0 | L22: =IF(OR(I22="+",J22="+",K22="+"),0,G22) -> 4112.1
A23: Большеглушицкий | B23: 1 | C23: 10 | D23: =(B23*C23)/C23 -> 1 | E23: 50661 | F23: =ROUND(E23/11,1) -> 4605.5 | G23: =ROUND(D23*F23,1) -> 4605.5 | H23: =G23-F23 -> 0 | L23: =IF(OR(I23="+",J23="+",K23="+"),0,G23) -> 4605.5
A24: Большечерниговский | B24: 1 | C24: 10 | D24: =(B24*C24)/C24 -> 1 | E24: 55514 | F24: =ROUND(E24/11,1) -> 5046.7 | G24: =ROUND(D24*F24,1) -> 5046.7 | H24: =G24-F24 -> 0 | L24: =IF(OR(I24="+",J24="+",K24="+"),0,G24) -> 5046.7
A25: Борский | B25: 1 | C25: 10 | D25: =(B25*C25)/C25 -> 1 | E25: 62560 | F25: =ROUND(E25/11,1) -> 5687.3 | G25: =ROUND(D25*F25,1) -> 5687.3 | H25: =G25-F25 -> 0 | L25: =IF(OR(I25="+",J25="+",K25="+"),0,G25) -> 5687.3
A26: Волжский | B26: 1 | C26: 10 | D26: =(B26*C26)/C26 -> 1 | E26: 147428 | F26: =ROUND(E26/11,1) -> 13402.5 | G26: =ROUND(D26*F26,1) -> 13402.5 | H26: =G26-F26 -> 0 | L26: =IF(OR(I26="+",J26="+",K26="+"),0,G26) -> 13402.5
A27: Елховский | B27: 1 | C27: 10 | D27: =(B27*C27)/C27 -> 1 | E27: 27974 | F27: =ROUND(E27/11,1) -> 2543.1 | G27: =ROUND(D27*F27,1) -> 2543.1 | H27: =G27-F27 -> 0 | L27: =IF(OR(I27="+",J27="+",K27="+"),0,G27) -> 2543.1
A28: Исаклинский | B28: 1 | C28: 10 | D28: =(B28*C28)/C28 -> 1 | E28: 54634 | F28: =ROUND(E28/11,1) -> 4966.7 | G28: =ROUND(D28*F28,1) -> 4966.7 | H28: =G28-F28 -> 0 | L28: =IF(OR(I28="+",J28="+",K28="+"),0,G28) -> 4966.7
A29: Камышлинский | B29: 1 | C29: 10 | D29: =(B29*C29)/C29 -> 1 | E29: 33018 | F29: =ROUND(E29/11,1) -> 3001.6 | G29: =ROUND(D29*F29,1) -> 3001.6 | H29: =G29-F29 -> 0 | L29: =IF(OR(I29="+",J29="+",K29="+"),0,G29) -> 3001.6
A30: Кинельский | B30: 1 | C30: 10 | D30: =(B30*C30)/C30 -> 1 | E30: 45400 | F30: =ROUND(E30/11,1) -> 4127.3 | G30: =ROUND(D30*F30,1) -> 4127.3 | H30: =G30-F30 -> 0 | L30: =IF(OR(I30="+",J30="+",K30="+"),0,G30) -> 4127.3
A31: Кинель-Черкасский | B31: 1 | C31: 10 | D31: =(B31*C31)/C31 -> 1 | E31: 90499 | F31: =ROUND(E31/11,1) -> 8227.2 | G31: =ROUND(D31*F31,1) -> 8227.2 | H31: =G31-F31 -> 0 | L31: =IF(OR(I31="+",J31="+",K31="+"),0,G31) -> 8227.2
... A46: Шигонский | B46: 1 | C46: 10 | D46: =(B46*C46)/C46 -> 1 | E46: 62450 | F46: =ROUND(E46/11,1) -> 5677.3 | G46: =ROUND(D46*F46,1) -> 5677.3 | H46: =G46-F46 -> 0 | L46: =IF(OR(I46="+",J46="+",K46="+"),0,G46) -> 5677.3
A47: ИТОГО | E47: =E8+E19 -> 3585412 | F47: =F8+F19 -> 325946.5 | G47: =G8+G19 -> 325946.5 | H47: =H8+H19 -> 0 | I47: =COUNTIF(I9:I46,"+") -> 0 | J47: =COUNTIF(J9:J46,"+") -> 0 | K47: =COUNTIF(K9:K46,"+") -> 0 | L47: =L8+L19 -> 325946.5
A49: * | C49: - на муниципальное образование распространяется соответствующее ограничение
B50: + | C50: - условие предоставления дотации не выполнено

Sheet Плюсы и минусы
A1: Факторный анализ влияния отдельных показателей на итоговое распределение за январь 2022 года
F2: тыс. рублей
A3: Наименование муниципального образования | B3: +/- по итогам отчётного периода | C3: Отсутствие просроченной кредиторской задолженности бюджета городского округа, консолидированного бюджета городского округа с внутригородским делением, консолидированного бюджета муниципального района по состоянию на конец отчетного периода | F3: Общая сумма весов влияния
C4: Отклонение от прогноза | D4: Вес влияния на результат | E4: + / - (5)=(2)*(3)/(6)
A5: 1 | B5: 2 | C5: 3 | D5: 4 | E5: 5 | F5: 6
A6: Городские округа | B6: =SUM(B7:B16) -> 0 | E6: =SUM(E7:E16) -> #DIV/0!
A7: Самара | B7: ='Расчет дотаций'!H9 -> 0 | C7: ='Расчет дотаций'!B9-1 -> 0 | D7: =C7*'Расчет дотаций'!C9 -> 0 | E7: =$B7*D7/$F7 -> #DIV/0! | F7: =D7 -> 0
A8: Тольятти | B8: ='Расчет дотаций'!H10 -> 0 | C8: ='Расчет дотаций'!B10-1 -> 0 | D8: =C8*'Расчет дотаций'!C10 -> 0 | E8: =$B8*D8/$F8 -> #DIV/0! | F8: =D8 -> 0
A9: Сызрань | B9: ='Расчет дотаций'!H11 -> 0 | C9: ='Расчет дотаций'!B11-1 -> 0 | D9: =C9*'Расчет дотаций'!C11 -> 0 | E9: =$B9*D9/$F9 -> #DIV/0! | F9: =D9 -> 0
A10: Новокуйбышевск | B10: ='Расчет дотаций'!H12 -> 0 | C10: ='Расчет дотаций'!B12-1 -> 0 | D10: =C10*'Расчет дотаций'!C12 -> 0 | E10: =$B10*D10/$F10 -> #DIV/0! | F10: =D10 -> 0
A11: Чапаевск | B11: ='Расчет дотаций'!H13 -> 0 | C11: ='Расчет дотаций'!B13-1 -> 0 | D11: =C11*'Расчет дотаций'!C13 -> 0 | E11: =$B11*D11/$F11 -> #DIV/0! | F11: =D11 -> 0
A12: Отрадный | B12: ='Расчет дотаций'!H14 -> 0 | C12: ='Расчет дотаций'!B14-1 -> 0 | D12: =C12*'Расчет дотаций'!C14 -> 0 | E12: =$B12*D12/$F12 -> #DIV/0! | F12: =D12 -> 0
A13: Жигулевск | B13: ='Расчет дотаций'!H15 -> 0 | C13: ='Расчет дотаций'!B15-1 -> 0 | D13: =C13*'Расчет дотаций'!C15 -> 0 | E13: =$B13*D13/$F13 -> #DIV/0! | F13: =D13 -> 0
A14: Октябрьск | B14: ='Расчет дотаций'!H16 -> 0 | C14: ='Расчет дотаций'!B16-1 -> 0 | D14: =C14*'Расчет дотаций'!C16 -> 0 | E14: =$B14*D14/$F14 -> #DIV/0! | F14: =D14 -> 0
A15: Кинель | B15: ='Расчет дотаций'!H17 -> 0 | C15: ='Расчет дотаций'!B17-1 -> 0 | D15: =C15*'Расчет дотаций'!C17 -> 0 | E15: =$B15*D15/$F15 -> #DIV/0! | F15: =D15 -> 0
A16: Похвистнево | B16: ='Расчет дотаций'!H18 -> 0 | C16: ='Расчет дотаций'!B18-1 -> 0 | D16: =C16*'Расчет дотаций'!C18 -> 0 | E16: =$B16*D16/$F16 -> #DIV/0! | F16: =D16 -> 0
A17: Муниципальные районы | B17: =SUM(B18:B44) -> 0 | E17: =SUM(E18:E44) -> #DIV/0!
A18: Алексеевский | B18: ='Расчет дотаций'!H20 -> 0 | C18: ='Расчет дотаций'!B20-1 -> 0 | D18: =C18*'Расчет дотаций'!C20 -> 0 | E18: =$B18*D18/$F18 -> #DIV/0! | F18: =D18 -> 0
A19: Безенчукский | B19: ='Расчет дотаций'!H21 -> 0 | C19: ='Расчет дотаций'!B21-1 -> 0 | D19: =C19*'Расчет дотаций'!C21 -> 0 | E19: =$B19*D19/$F19 -> #DIV/0! | F19: =D19 -> 0
A20: Богатовский | B20: ='Расчет дотаций'!H22 -> 0 | C20: ='Расчет дотаций'!B22-1 -> 0 | D20: =C20*'Расчет дотаций'!C22 -> 0 | E20: =$B20*D20/$F20 -> #DIV/0! | F20: =D20 -> 0
A21: Большеглушицкий | B21: ='Расчет дотаций'!H23 -> 0 | C21: ='Расчет дотаций'!B23-1 -> 0 | D21: =C21*'Расчет дотаций'!C23 -> 0 | E21: =$B21*D21/$F21 -> #DIV/0! | F21: =D21 -> 0
A22: Большечерниговский | B22: ='Расчет дотаций'!H24 -> 0 | C22: ='Расчет дотаций'!B24-1 -> 0 | D22: =C22*'Расчет дотаций'!C24 -> 0 | E22: =$B22*D22/$F22 -> #DIV/0! | F22: =D22 -> 0
A23: Борский | B23: ='Расчет дотаций'!H25 -> 0 | C23: ='Расчет дотаций'!B25-1 -> 0 | D23: =C23*'Расчет дотаций'!C25 -> 0 | E23: =$B23*D23/$F23 -> #DIV/0! | F23: =D23 -> 0
A24: Волжский | B24: ='Расчет дотаций'!H26 -> 0 | C24: ='Расчет дотаций'!B26-1 -> 0 | D24: =C24*'Расчет дотаций'!C26 -> 0 | E24: =$B24*D24/$F24 -> #DIV/0! | F24: =D24 -> 0
A25: Елховский | B25: ='Расчет дотаций'!H27 -> 0 | C25: ='Расчет дотаций'!B27-1 -> 0 | D25: =C25*'Расчет дотаций'!C27 -> 0 | E25: =$B25*D25/$F25 -> #DIV/0! | F25: =D25 -> 0
A26: Исаклинский | B26: ='Расчет дотаций'!H28 -> 0 | C26: ='Расчет дотаций'!B28-1 -> 0 | D26: =C26*'Расчет дотаций'!C28 -> 0 | E26: =$B26*D26/$F26 -> #DIV/0! | F26: =D26 -> 0
A27: Камышлинский | B27: ='Расчет дотаций'!H29 -> 0 | C27: ='Расчет дотаций'!B29-1 -> 0 | D27: =C27*'Расчет дотаций'!C29 -> 0 | E27: =$B27*D27/$F27 -> #DIV/0! | F27: =D27 -> 0
A28: Кинельский | B28: ='Расчет дотаций'!H30 -> 0 | C28: ='Расчет дотаций'!B30-1 -> 0 | D28: =C28*'Расчет дотаций'!C30 -> 0 | E28: =$B28*D28/$F28 -> #DIV/0! | F28: =D28 -> 0
A29: Кинель-Черкасский | B29: ='Расчет дотаций'!H31 -> 0 | C29: ='Расчет дотаций'!B31-1 -> 0 | D29: =C29*'Расчет дотаций'!C31 -> 0 | E29: =$B29*D29/$F29 -> #DIV/0! | F29: =D29 -> 0
... A44: Шигонский | B44: ='Расчет дотаций'!H46 -> 0 | C44: ='Расчет дотаций'!B46-1 -> 0 | D44: =C44*'Расчет дотаций'!C46 -> 0 | E44: =$B44*D44/$F44 -> #DIV/0! | F44: =D44 -> 0
A45: ИТОГО | B45: =B6+B17 -> 0 | E45: =E6+#REF!+E17+#REF! -> #DIV/0!
